 Dungeon Crawl Stone Soup version 0.28.0-53-g5a82cb258f (webtiles) character file.

Game seed: 15213233406680257115

23 firemarshallily the Slasher (level 2, -1/23 HPs)
             Began as a Demonspawn Gladiator on June 10, 2022.
             Was a Follower of Vehumet.
             Slain by a rat (2 damage)
             ... on level 1 of the Dungeon.
             The game lasted 00:02:47 (557 turns).

firemarshallily the Slasher (Demonspawn Gladiator)   Turns: 557, Time: 00:02:48

Health: -1/23      AC:  4    Str: 14    XL:     2   Next: 72%
Magic:  2/2        EV: 12    Int:  9    God:    Vehumet [*.....]
Gold:   7          SH:  0    Dex: 14    Spells: 0/1 levels left

rFire   . . .      SeeInvis .   a - +0 long sword
rCold   . . .      Faith    .   (no shield)
rNeg    . . .      Spirit   .   b - +0 leather armour
rPois   .          Reflect  .   c - +0 helmet
rElec   .          Harm     .   (no cloak)
rCorr   .          Rampage  .   (no gloves)
Will    .....                   (no boots)
Stlth   +.........              (no amulet)
HPRegen 0.07/turn               (no ring)
MPRegen 0.08/turn               (no ring)

@: no status effects
A: demonic magic 1
a: Renounce Religion


You were on level 1 of the Dungeon.
You worshipped Vehumet.
Vehumet was aware of your devotion.
You visited 1 branch of the dungeon, and saw 1 of its levels.

You collected 7 gold pieces.

Inventory:

Hand Weapons
 a - a +0 long sword (weapon)
Missiles
 d - 3 throwing nets (quivered)
Armour
 b - a +0 leather armour (worn)
 c - a +0 helmet (worn)
 h - +0 fire dragon scales
Scrolls
 f - a scroll of fog {unknown}
Potions
 e - 2 potions of heal wounds {unknown}
 g - a potion of curing {unknown}


   Skills:
 + Level 2.4 Fighting
 + Level 3.0 Long Blades
 - Level 2.0 Throwing
 + Level 2.9 Dodging
 * Level 0.2 Spellcasting
 + Level 0.1 Conjurations


You couldn't memorise any spells.
You knew the following spells:

 Your Spells              Type           Power      Damage    Failure   Level
a - Shock                 Conj/Air       0%         1d3       45%         1

Your spell library contained the following spells:

 Spells                   Type           Power      Damage    Failure   Level
 Sandblast                Erth           0%         2d4       45%         1
 Passwall                 Tmut/Erth      0%         N/A       61%         2
 Stone Arrow              Conj/Erth      0%         3d7       83%         3


Dungeon Overview and Level Annotations

Branches:
Dungeon (1/15)

Altars:
Vehumet


Innate Abilities, Weirdness & Mutations

Spells you cast may paralyse adjacent enemies.


Message History

The goblin hits you but does no damage.
You hit the goblin.
The goblin is moderately wounded.
The hobgoblin hits you but does no damage.
The goblin completely misses you.
You hit the hobgoblin.
The hobgoblin is almost dead.
The hobgoblin barely misses you. The goblin hits you with a +0 club.
The hobgoblin barely misses you.
You hit the goblin.
The goblin is severely wounded.
The rat twitches its whiskers.
The goblin hits you with a +0 club. The hobgoblin hits you.
The goblin hits you with a +0 club.
You slash the hobgoblin!
You kill the hobgoblin!
Vehumet accepts your kill. The hobgoblin completely misses you.
The goblin barely misses you.
You slash the goblin!
You kill the goblin!
Vehumet accepts your kill. The hobgoblin barely misses you.
The rat twitches its whiskers.
The rat bites you but does no damage.
You hit the hobgoblin but do no damage. The hobgoblin misses you.
The hobgoblin barely misses you.
You completely miss the hobgoblin. The rat barely misses you.
The hobgoblin closely misses you.
You closely miss the rat. The rat bites you.
* * * LOW HITPOINT WARNING * * *
The hobgoblin hits you.
* * * LOW HITPOINT WARNING * * *
You slash the hobgoblin!
You kill the hobgoblin!
Vehumet accepts your kill. The rat barely misses you. The rat bites you.
* * * LOW HITPOINT WARNING * * *
You completely miss the rat. The rat closely misses you.
You closely miss the rat. The rat bites you.
You die...

....# ########
#....## #......#
#.....## #......#
#......###
#......####....#....
#....>.............#
#...†..##...........
####.####..r.......#
#.# #.@††......# #.#
####)#####.. #.#
#.......# #.#
#.......#
#.####.......#
#............# #.
#..###........ ##.
#†.# #........# ...
#..# #......... #.


You could see a rat.

Vanquished Creatures
  A ball python (D:1)
  2 endoplasms (D:1)
  3 goblins (D:1)
  4 hobgoblins (D:1)
  2 kobolds (D:1)
  3 bats (D:1)
  2 frilled lizards (D:1)
  4 rats (D:1)
21 creatures vanquished.

Vanquished Creatures (others)
  2 fungi (D:1)
  4 plants (D:1)
6 creatures vanquished.

Grand Total: 27 creatures vanquished

Notes
Turn   | Place    | Note
-------+----------+-------------------------------------------
     0 | D:1      | firemarshallily the Demonspawn Gladiator began the quest
                  | for the Orb.
     0 | D:1      | Reached XP level 1. HP: 16/16 MP: 1/1
   144 | D:1      | Gained mutation: Spells you cast may paralyse adjacent
                  | enemies. [demonic ancestry]
   144 | D:1      | Reached XP level 2. HP: 18/22 MP: 2/2
   424 | D:1      | Found a faded altar of an unknown god.
   440 | D:1      | Prayed at the altar of an unknown god.
   440 | D:1      | Became a worshipper of Vehumet
   440 | D:1      | Reached * piety under Vehumet
   440 | D:1      | Offered knowledge of Shock by Vehumet.
   443 | D:1      | Learned a level 1 spell: Shock
   464 | D:1      | Reached skill level 3 in Long Blades
   555 | D:1      | HP: 1/23 [rat (3)]
   557 | D:1      | Slain by a rat

Illustrated notes

Levels and vault maps discovered:
D:1:      minmay_arrival_four_circles, layout_rooms,
          shapermc_ecumenical_altar_mp_urbaneastern

Skill      XL: |  1  2 |
---------------+-------+-----
Throwing       | 2 |  2.0
Long Blades    | 3 |  3.0
Fighting       | |  2.4
Dodging        | |  2.9
Spellcasting   | |  0.2
Conjurations   | |  0.1

Action                   || total
-------------------------++-------
Melee: Long sword        ||    60
Armor: Leather armour    ||    18
Dodge: Dodged            ||    55
